AoeStats
← POPE

Arena

504155003Analyzed
3v3 RM · 1mo ago on Sep 4, 2026· 43m 48s· 6 players
Game mode
Random Map
Map size
Normal (6 player)
Population
200
Speed
Normal
Resources
Standard
Victory
Conquest
Starting age
Dark Age
Ending age
Imperial Age
RankedLock teamsTeams togetherTeam positionsShared explorationLock speedFull tech treeHidden civsTurbo modeCheats
Victory
Defeat
🇨🇦 Hindustanis · Canada
792
+18
🇨🇦 Vikings · Canada
792
+18
🇨🇦 Maya · Canada
792
+18
🇺🇸 Persians · United States
923
-21
🇺🇸 Spanish · United States
809
-17
🇲🇽 Khmer · Mexico
796
-16
PreGhostSlimer
0:27 Loom
12:37 Feudal Age
16:39 Castle Age
14:51 Horse Collar
15:10 Double-Bit Axe
17:36 Bow Saw
17:42 Gold Mining
18:48 Stone Mining
20:14 Heavy Plow
24:28 Wheelbarrow
30:31 Imperial Age
28:56 Thumb Ring
28:43 Fletching
28:54 Padded Archer Armor
29:38 Bodkin Arrow
30:06 Ballistics
30:12 Crossbowman
31:17 Leather Archer Armor
31:33 Bracer
32:36 Chemistry
30:58 Arbalester
32:06 Masonry
32:42 Ring Archer Armor
33:43 Conscription
33:16 Town Watch
Hot Salad
11:45 Feudal Age
16:09 Castle Age
14:17 Horse Collar
15:52 Double-Bit Axe
16:27 Loom
17:45 Bow Saw
22:15 Heavy Plow
22:12 Gold Mining
22:35 Stone Mining
26:04 Wheelbarrow
30:11 Imperial Age
28:13 Fletching
28:32 Scale Barding Armor
28:37 Forging
28:50 Hand Cart
28:45 Town Watch
29:47 Chain Barding Armor
30:57 Iron Casting
30:55 Bloodlines
31:16 Husbandry
30:40 Heavy Camel Rider
31:46 Conscription
32:54 Plate Barding Armor
32:26 Husbandry
33:52 Blast Furnace
33:06 Grand Trunk Road
33:08 Imperial Camel Rider
35:45 Fletching
DipshitGrimace
11:54 Feudal Age
16:02 Castle Age
14:10 Double-Bit Axe
14:42 Horse Collar
15:51 Loom
17:48 Bow Saw
19:42 Heavy Plow
23:48 Stone Mining
23:50 Gold Mining
27:45 Gold Shaft Mining
30:36 Imperial Age
29:07 Forging
28:57 Scale Mail Armor
29:30 Squires
29:16 Arson
30:31 Iron Casting
30:54 Chain Mail Armor
32:26 Two-Man Saw
32:02 Chieftains
32:24 Conscription
33:22 Blast Furnace
31:57 Elite Berserk
33:34 Plate Mail Armor
37:20 Fletching
40:05 Hoardings
39:48 Masonry
40:39 Bodkin Arrow
43:28 Architecture
43:21 Ballistics
43:03 Bracer
Tecuan96
7:28 Loom
10:35 Feudal Age
11:05 Double-Bit Axe
19:02 Castle Age
18:45 Forging
18:32 Gold Mining
21:16 Pikeman
24:40 Scale Barding Armor
28:32 Imperial Age
26:33 Fletching
27:36 Wheelbarrow
31:12 Elite Skirmisher
POPE
11:01 Feudal Age
12:10 Loom
15:26 Castle Age
14:54 Loom
16:11 Double-Bit Axe
21:21 Horse Collar
22:04 Bow Saw
23:09 Heavy Plow
23:52 Stone Mining
23:55 Gold Mining
26:05 Town Watch
26:55 Wheelbarrow
26:50 Town Patrol
28:46 Hand Cart
28:38 Fletching
28:54 Scale Barding Armor
28:49 Padded Archer Armor
29:00 Forging
28:54 Scale Mail Armor
30:12 Ballistics
29:48 Murder Holes
30:29 Squires
30:40 Bodkin Arrow
31:05 Chain Barding Armor
31:44 Gold Shaft Mining
31:46 Stone Shaft Mining
31:30 Leather Archer Armor
34:42 Imperial Age
33:10 Kamandaran
33:27 Chain Mail Armor
33:48 Iron Casting
34:13 Thumb Ring
33:29 Crossbowman
34:29 Husbandry
34:39 Bloodlines
33:51 Light Cavalry
34:27 Pikeman
36:30 Chemistry
35:41 Masonry
35:59 Conscription
36:17 Hussar
38:37 Two-Man Saw
38:12 Crop Rotation
37:53 Cavalier
39:28 Hoardings
38:24 Sappers
40:41 Architecture
kaiju
5:54 Loom
10:29 Feudal Age
11:19 Double-Bit Axe
18:57 Castle Age
16:46 Horse Collar
17:25 Stone Mining
17:31 Gold Mining
19:29 Wheelbarrow
20:25 Wheelbarrow
20:06 Bow Saw
21:10 Padded Archer Armor
22:12 Heavy Plow
30:56 Imperial Age
30:18 Hand Cart
29:49 Town Watch
30:21 Leather Archer Armor
30:19 Forging
30:15 Scale Barding Armor
30:58 Bloodlines
32:13 Conscription
32:05 Cavalier
33:40 Ring Archer Armor
33:47 Iron Casting
35:13 Elite Conquistador
36:13 Fletching
37:45 Blast Furnace
37:06 Chain Barding Armor
36:19 Elite Skirmisher
37:05 Thumb Ring
39:39 Ballistics
40:21 Chemistry
Connection lost

Rejoining the realm…

Still unreachable

The connection could not be restored.

Session expired

The server has moved on; the page needs a fresh start.